Map: Goldenaura LE

Players

Gayrreiro - Winner!

  • Race: Protoss Protoss
  • League: Grandmaster
  • Spawn Location: 5:00

GhOosT

  • Race: Zerg Zerg
  • League: Diamond
  • Spawn Location: 12:00

VOD

Have the link to the VOD?

Description

Time

  • Played on: June 6, 2024, 3:41 p.m.
  • Length: 6:51
Show
View Real Time Build Order
Export as new Build Order

Gayrreiro Protoss - Winner!

Build Orders: 1 Gate Expand 

Get SALT Encoding   

  12  0:00  Probe  
  13  0:12  Probe  
  14  0:17  Pylon  
  14  0:24  Probe  
  15  0:36  Gateway  
  15  0:38  Probe (Chrono Boost)  
  16  0:47  Assimilator, Probe (Chrono Boost)  
  17  0:52  Probe (Chrono Boost)  
  18  1:04  Probe  
  19  1:14  Pylon  
  19  1:16  Probe  
  20  1:32  Cybernetics Core  
  21  1:39  Nexus  
  20  1:42  Probe  
  21  1:54  Probe, Warp Gate  
  22  2:02  Pylon  
  22  2:06  Probe  
  23  2:20  Twilight Council, Probe  
  24  2:24  Zealot  
  26  2:32  Probe  
  26  2:34  Gateway  
  26  2:44  Probe  
  27  2:52  Charge (Chrono Boost)  
  27  2:55  Probe, Pylon  
  27  2:56  Probe  
  29  3:07  Zealot, Probe  
  29  3:08  Probe  
  33  3:19  Probe  
  34  3:20  Probe  
  34  3:23  Gateway  
  34  3:24  Gateway  
  35  3:31  Probe  
  35  3:33  Gateway  
  36  3:40  Gateway  
  36  3:42  Gateway  
  36  3:49  Gateway  
  36  3:57  Zealot x2  
  36  4:02  Pylon  
  40  4:06  Probe  
  41  4:12  Pylon  
  41  4:19  Zealot x2  
  41  4:20  Zealot x2  
  41  4:23  Pylon  
  49  4:30  Probe  
  49  4:31  Probe  
  51  4:42  Zealot  
  51  4:43  Zealot x5, Probe  
  60  4:54  Gateway  
  54  5:00  Zealot x2  
  54  5:06  Zealot x4  
  64  5:16  Zealot  
  58  5:35  Zealot x7  
  64  5:50  Zealot x2  
  56  5:59  Dark Shrine  
  56  6:00  Zealot x5  
  62  6:08  Zealot  
  62  6:09  Zealot  
  58  6:14  Zealot x2  
  62  6:23  Zealot x3  
  60  6:41  Zealot x5  
  68  6:47  Pylon  
  68  6:50  Stalker  
Show
View Real Time Build Order
Export as new Build Order

GhOosT Zerg 

Build Orders: Hatch First 

Get SALT Encoding   

  12  0:00  Drone  
  13  0:13  Overlord  
  13  0:18  Drone  
  14  0:32  Drone x2  
  16  0:51  Hatchery  
  16  0:53  Drone  
  16  0:56  Drone  
  17  1:02  Drone  
  18  1:13  Extractor  
  17  1:18  Spawning Pool  
  17  1:22  Drone x2  
  18  1:32  Drone  
  19  1:40  Drone  
  20  1:53  Overlord  
  20  2:05  Queen x2  
  20  2:08  Zergling x4  
  26  2:13  Metabolic Boost  
  26  2:25  Drone x4  
  30  2:36  Drone x2  
  32  2:51  Hatchery  
  31  2:59  Overlord  
  31  3:00  Drone x3  
  34  3:22  Drone x6  
  34  3:23  Drone x3  
  43  3:32  Roach Warren  
  43  3:33  Overlord  
  41  3:46  Extractor  
  40  3:50  Overlord x2  
  40  4:02  Drone x2  
  42  4:03  Drone  
  42  4:06  Overlord  
  43  4:13  Roach x5  
  43  4:14  Roach x2  
  57  4:19  Roach  
  61  4:31  Roach x6  
  61  4:32  Roach  
  72  4:50  Roach  
  72  4:51  Roach x3  
  76  5:01  Roach x2  
  76  5:02  Roach  
  82  5:08  Overlord x3  
  82  5:27  Roach  
  82  5:28  Roach x4  
  86  5:41  Zergling x8  
  86  5:42  Zergling x4  
  70  6:02  Roach x2  
  70  6:03  Roach x2  
  67  6:15  Roach x2  
Tags
 
Add a new tag
Caveats
  • Supply blocks, unpowered buildings, or Contaminate may cause inaccurate times.
  • Supply counts are checked every 10 seconds.